AoeStats
← NeessQuiick

Oasis

510043183Analyzed
4v4 RM · 3d ago on Sep 29, 2026· 51m 52s· 8 players
Game mode
Random Map
Map size
Large (8 player)
Population
200
Speed
Normal
Resources
Standard
Victory
Conquest
Starting age
Dark Age
Ending age
Imperial Age
RankedLock teamsTeams togetherTeam positionsShared explorationLock speedFull tech treeHidden civsTurbo modeCheats
Victory
Defeat
🇲🇽 Saracens · Mexico
1049
+12
🇲🇽 Mongols · Mexico
1026
+13
🇲🇽 Turks · Mexico
1015
+25
🇲🇽 Celts · Mexico
933
+17
🇨🇳 Mongols · China
1028
-17
🇯🇵 Magyars · Japan
1019
-16
🇳🇱 Malians · Netherlands
887
-11
883
-11
danny dillinger
5:25 Loom
12:13 Feudal Age
13:43 Double-Bit Axe
14:41 Horse Collar
20:06 Castle Age
20:15 Forging
19:52 Man-at-Arms
22:51 Bow Saw
23:32 Pikeman
24:45 Fletching
25:15 Gold Mining
33:52 Fervor
36:31 Arson
40:14 Heavy Plow
42:48 Imperial Age
41:11 Bodkin Arrow
41:34 Scale Mail Armor
42:10 Iron Casting
45:37 Stone Mining
47:09 Conscription
49:30 Chain Mail Armor
52:25 Wheelbarrow
53:31 Blast Furnace
52:32 Padded Archer Armor
NeessQuiick
10:59 Feudal Age
16:06 Castle Age
13:59 Double-Bit Axe
17:37 Loom
20:58 Scale Mail Armor
21:11 Forging
28:09 Gold Mining
28:10 Stone Mining
29:08 Wheelbarrow
30:31 Fletching
30:41 Padded Archer Armor
34:36 Imperial Age
32:59 Bow Saw
33:49 Bodkin Arrow
34:10 Leather Archer Armor
34:01 Scale Barding Armor
35:15 Ballistics
34:51 Murder Holes
38:29 Elite Mangudai
39:34 Bracer
42:35 Hand Cart
44:53 Onager
48:22 Town Watch
OM | SOMBRASV1
12:29 Feudal Age
16:13 Castle Age
14:29 Double-Bit Axe
15:03 Horse Collar
15:53 Gold Mining
16:04 Stone Mining
17:30 Bow Saw
17:54 Loom
20:36 Wheelbarrow
20:29 Heavy Plow
32:41 Redemption
33:11 Gold Shaft Mining
32:40 Caravan
36:34 Imperial Age
36:54 Elite Mameluke
39:26 Scale Barding Armor
39:31 Forging
39:22 Scale Mail Armor
39:49 Bimaristan
41:37 Two-Man Saw
41:08 Chain Barding Armor
40:49 Padded Archer Armor
40:39 Fletching
42:48 Conscription
46:36 Chemistry
45:57 Ballistics
48:48 Herbal Medicine
49:08 Block Printing
52:16 Iron Casting
51:56 Chain Mail Armor
52:17 Plate Barding Armor
51:57 Leather Archer Armor
51:38 Bodkin Arrow
52:56 Theocracy
tonnyverygood
7:22 Loom
9:49 Feudal Age
11:16 Double-Bit Axe
12:25 Horse Collar
18:10 Wheelbarrow
20:39 Castle Age
19:19 Scale Barding Armor
20:21 Bloodlines
21:55 Bow Saw
28:40 Chain Barding Armor
34:08 Forging
35:09 Husbandry
37:49 Hand Cart
42:25 Imperial Age
40:49 Town Watch
42:22 Heavy Plow
42:54 Gold Mining
42:55 Stone Mining
44:10 Two-Man Saw
43:46 Plate Barding Armor
42:38 Cavalier
44:34 Iron Casting
44:40 Ballistics
44:51 Heavy Camel Rider
45:37 Padded Archer Armor
47:10 Leather Archer Armor
50:07 Blast Furnace
52:07 Gold Shaft Mining
Rilenzo
13:35 Feudal Age
11:51 Loom
21:30 Castle Age
21:25 Stone Mining
22:00 Double-Bit Axe
25:50 Pikeman
26:30 Squires
27:08 Bow Saw
27:50 Forging
27:41 Scale Mail Armor
34:42 Fortified Wall
BoBo鸡之印第安走地鸡
0:33 Loom
14:14 Feudal Age
15:50 Double-Bit Axe
18:27 Castle Age
16:39 Horse Collar
17:58 Stone Mining
21:12 Bow Saw
26:27 Heavy Plow
27:57 Wheelbarrow
29:31 Stone Shaft Mining
29:43 Hand Cart
31:19 Gold Mining
32:26 Town Watch
35:31 Imperial Age
33:49 Scale Mail Armor
34:00 Forging
33:38 Gambesons
33:53 Squires
33:40 Arson
33:15 Pikeman
35:46 Chain Mail Armor
36:07 Iron Casting
36:31 Gold Shaft Mining
38:27 Crop Rotation
41:20 Conscription
41:21 Garland Wars
40:23 Elite Jaguar Warrior
41:45 Plate Mail Armor
42:43 Blast Furnace
42:59 Eagle Warrior
44:47 Blast Furnace
43:47 Elite Eagle Warrior
49:05 Caravan
LWwcnm
8:34 Loom
10:27 Feudal Age
12:08 Horse Collar
16:41 Scale Barding Armor
17:57 Loom
21:20 Castle Age
19:38 Stone Mining
20:08 Double-Bit Axe
21:06 Gold Mining
21:30 Light Cavalry
22:21 Bloodlines
24:33 Wheelbarrow
24:50 Town Watch
26:05 Hand Cart
28:06 Husbandry
28:44 Bow Saw
30:22 Gold Shaft Mining
29:56 Fletching
31:33 Bodkin Arrow
31:38 Padded Archer Armor
32:56 Ballistics
33:19 Leather Archer Armor
37:35 Imperial Age
36:58 Corvinian Army
37:42 Heavy Cavalry Archer
38:29 Bracer
39:49 Chemistry
41:00 Conscription
40:41 Recurve Bow
41:55 Parthian Tactics
43:18 Elite Magyar Huszar
46:01 Ring Archer Armor
45:51 Chain Barding Armor
49:31 Hussar
未见将见
12:03 Feudal Age
13:02 Double-Bit Axe
15:36 Castle Age
14:10 Horse Collar
16:33 Bow Saw
16:59 Heavy Plow
27:49 Husbandry
27:59 Bloodlines
27:46 Loom
35:29 Wheelbarrow
34:42 Town Watch
Connection lost

Rejoining the realm…

Still unreachable

The connection could not be restored.

Session expired

The server has moved on; the page needs a fresh start.